 Dungeon Crawl Stone Soup version 0.31-a0-716-gc7603755dd (webtiles) character file.

Game seed: 9932719321320658264

2335 miscthings the Poker (level 9, 0/70 HPs)
             Began as a Gnoll Wanderer on Sept 10, 2023.
             Was an Initiate of Gozag.
             Killed from afar by an acid dragon (36 damage)
             ... with a splash of acid
             ... on level 7 of the Dungeon.
             The game lasted 00:17:59 (5140 turns).

miscthings the Poker (Gnoll Wanderer)               Turns: 5140, Time: 00:18:00

Health: 0/70       AC:  4    Str: 22    XL:     9   Next: 42%
Magic:  16/16      EV: 14    Int: 11    God:    Gozag
Gold:   379        SH:  6    Dex: 19    Spells: 17/18 levels left

rFire   + . .        z - +4 hand axe "Vinwat" {chaos, rPois Str+7}
rCold   . . .        v - +0 buckler
rNeg    + . .        g - +2 robe {rN+}
rPois   +            h - +0 helmet
rElec   .            e - +1 cloak
rCorr   .            l - +0 pair of gloves
SInv    .            (no boots)
Will    .....        m - amulet of the acrobat
Stlth   +++          t - ring of protection from fire
HPRegen 0.31/turn    F - +6 ring of dexterity
MPRegen 0.15/turn

%: acrobat
@: corroded
A: fangs 1, strong nose, distributed training
a: Renounce Religion, Potion Petition, Call Merchant, Bribe Branch


You were on level 7 of the Dungeon.
You worshipped Gozag.
Gozag was aware of your devotion.
You visited 2 branches of the dungeon, and saw 8 of its levels.

You collected 539 gold pieces.
You spent 55 gold pieces at shops.
You paid 105 gold pieces to Gozag.

Inventory:

Hand Weapons
 a - a +0 spear
 f - a +4 vampiric short sword
 z - the +4 hand axe "Vinwat" (weapon) {chaos, rPois Str+7}
   (You found it on level 3 of the Dungeon)

   Str+7:     It affects your strength (+7).
   rPois:     It protects you from poison
 M - a +2 whip of venom
Missiles
 x - 3 javelins (quivered)
Armour
 e - a +1 cloak (worn)
 g - a +2 robe of positive energy (worn)
 h - a +0 helmet (worn)
 l - a +0 pair of gloves (worn)
 v - a +0 buckler (worn)
 K - a +0 robe of cold resistance
Magical Staves
 b - a staff of poison
Jewellery
 m - an amulet of the acrobat (around neck)
 t - a ring of protection from fire (left hand)
 F - a +6 ring of dexterity (right hand)
 L - an amulet of magic regeneration
Talismans
 p - a flux talisman
 B - a maw talisman
 J - a serpent talisman
Wands
 r - a wand of flame (10)
 C - a wand of paralysis (6)
Scrolls
 j - a scroll of silence {unknown}
 o - 2 scrolls of enchant weapon
 q - a scroll of teleportation
 u - a scroll of revelation {unknown}
 w - a scroll of summoning {unknown}
 y - a scroll of torment {unknown}
 A - a scroll of amnesia {unknown}
 G - 2 scrolls of poison
 H - a scroll of vulnerability {unknown}
Potions
 c - a potion of invisibility
 i - 3 potions of heal wounds
 k - 2 potions of attraction {unknown}
 n - a potion of lignification {unknown}
 s - 2 potions of might
 D - a potion of cancellation {unknown}
 E - 2 potions of enlightenment
 I - 2 potions of haste


   Skills:
 + Level 6.3 Fighting
 + Level 4.3 Short Blades
 + Level 4.3 Long Blades
 + Level 4.3 Axes
 + Level 4.3 Maces & Flails
 + Level 7.9 Polearms
 + Level 4.3 Staves
 + Level 4.3 Ranged Weapons
 + Level 5.1 Throwing
 + Level 4.3 Armour
 + Level 5.1 Dodging
 + Level 4.3 Stealth
 + Level 4.3 Shields
 + Level 4.3 Unarmed Combat
 + Level 5.2 Spellcasting
 + Level 3.5 Conjurations
 + Level 3.5 Hexes
 + Level 3.5 Summonings
 + Level 3.5 Necromancy
 + Level 3.5 Translocations
 + Level 3.5 Transmutations
 + Level 3.5 Fire Magic
 + Level 5.3 Ice Magic
 + Level 3.5 Air Magic
 + Level 3.5 Earth Magic
 + Level 3.5 Poison Magic
 + Level 4.7 Invocations
 + Level 4.3 Evocations
 + Level 3.9 Shapeshifting


You had 17 spell levels left.
You knew the following spells:

 Your Spells              Type           Power      Damage    Failure   Level
a - Freeze                Ice            56%        1d7       2%          1

Your spell library contained the following spells:

 Spells                   Type           Power      Damage    Failure   Level
 Ensorcelled Hibernation  Hex/Ice        24%        N/A       6%          2
 Frozen Ramparts          Ice            28%        1d5       9%          3
 Cause Fear               Hex            5%         N/A       50%         4
 Fireball                 Conj/Fire      5%         3d5       85%         5
 Dragon's Call            Summ           5%         N/A       100%        9


Dungeon Overview and Level Annotations

Branches:
Dungeon (7/15)             Temple (1/1) D:6

Altars:
Ashenzari
Cheibriados
Dithmenos
Elyvilon
Fedhas
Gozag
Hepliaklqana
Kikubaaqudgha
Makhleb
Nemelex Xobeh
Okawaru
Qazlal
Ru
Sif Muna
Trog
Uskayaw
Vehumet
Wu Jian
Xom
Yredelemnul
Zin
The Shining One

Shops:
D:4 [   D:6 *


Innate Abilities, Weirdness & Mutations

You have very sharp teeth.
Your uncanny sense of smell can sniff out nearby items.
Your experience applies equally to all skills.


Message History

You hit the steam dragon.
You kill the steam dragon!
You now have 379 gold pieces (gained 10).
An acid dragon comes into view.
You start resting.
A shadow imp is nearby!
You start resting.
HP restored.
Throw: 6 javelins
Press: ? - help, Q - select action, (/) - cycle Shift-Dir - straight line, f - acid dragon
Aim: an acid dragon (asleep, 98% to hit)
You throw a javelin.
The javelin pierces through the acid dragon but does no damage.
The acid dragon roars!
Throw: 5 javelins
Press: ? - help, Q - select action, (/) - cycle Shift-Dir - straight line, f/p - acid dragon
Aim: an acid dragon (64% to hit)
You throw a javelin.
The javelin pierces through the acid dragon!
The acid dragon is heavily wounded.
Throw: 4 javelins
Press: ? - help, Q - select action, (/) - cycle Shift-Dir - straight line, f/p - acid dragon
Aim: an acid dragon (heavily wounded, 64% to hit)
You throw a javelin.
The javelin pierces through the acid dragon!
The acid dragon is severely wounded.
Aiming: Throw Flame
Press: ? - help, Shift-Dir - straight line, f/p - acid dragon
Aim: an acid dragon (severely wounded, 74% to hit)
The puff of flame hits the acid dragon!
The acid dragon is almost dead.
The acid dragon spits acid at you. The splash of acid hits you!!
The acid corrodes you!
You hit the acid dragon but do no damage.
The acid dragon is almost dead.
The acid dragon spits acid at you. The splash of acid hits you!!!
Ouch! That really hurt!
You die...
Your body crumbles into a pile of gold.

...# #.# #.#.# ..## #.#
#.#.# ### #.# #...# ##
#.# ###.# .## #.# #.#
..## #.#####.# ...##
#...)...#
....####...##.#######...
....'...........@D....(.
....####...##.#######.(.
...## ##.###.# ..## ###
#.# .## #.# ## ..# # ###
# ##


You could see an acid dragon (catching breath).

Vanquished Creatures
  Grinder (D:6)
  Sigmund (D:2)
  3 steam dragons
  A water moccasin (D:5)
  An ice beast (D:6)
  A sky beast (D:6)
  An orc warrior (D:5)
  2 ogres
  2 bullfrogs
  5 killer bees (D:7)
  A howler monkey (D:6)
  4 hounds
  3 jellies
  Ijyb (D:3)
  2 iguanas
  3 orc wizards (D:5)
  Robin (D:2)
  5 gnolls
  8 adders
  A shadow imp (D:6)
  A white imp (D:5)
  An ufetubus (D:6)
  2 worms (D:3)
  2 dart slugs
  5 orcs (D:5)
  8 ball pythons
  3 bats
  18 endoplasms
  3 giant cockroaches
  18 goblins
  6 hobgoblins
  2 quokkas
  A frilled lizard (D:3)
  6 kobolds
  6 rats
129 creatures vanquished.

Vanquished Creatures (others)
  An iguana (D:6)
1 creature vanquished.

Grand Total: 130 creatures vanquished

Notes
Turn   | Place    | Note
-------+----------+-------------------------------------------
     0 | D:1      | miscthings the Gnoll Wanderer began the quest for the Orb.
     0 | D:1      | miscthings set off with the following items: a +0 spear, 6
                  | boomerangs, a +0 dagger, a potion of berserk rage, a +0
                  | leather armour; and the following spell memorised: Freeze;
                  | and the following spells available to memorise: Frozen
                  | Ramparts, Ensorcelled Hibernation.
     0 | D:1      | Reached XP level 1. HP: 20/20 MP: 4/4
   167 | D:1      | Reached XP level 2. HP: 26/26 MP: 5/5
   401 | D:1      | Reached XP level 3. HP: 26/31 MP: 7/7
   970 | D:2      | Reached skill level 1 in Invocations
  1136 | D:2      | Noticed Robin
  1148 | D:2      | Reached skill level 1 in Short Blades
  1148 | D:2      | Reached skill level 1 in Long Blades
  1148 | D:2      | Reached skill level 1 in Axes
  1148 | D:2      | Reached skill level 1 in Maces & Flails
  1148 | D:2      | Reached skill level 1 in Staves
  1148 | D:2      | Reached skill level 1 in Ranged Weapons
  1148 | D:2      | Reached skill level 1 in Armour
  1148 | D:2      | Reached skill level 1 in Stealth
  1148 | D:2      | Reached skill level 1 in Shields
  1148 | D:2      | Reached skill level 1 in Unarmed Combat
  1148 | D:2      | Reached skill level 1 in Evocations
  1238 | D:2      | Reached XP level 4. HP: 29/38 MP: 8/8
  1245 | D:2      | Noticed Sigmund
  1261 | D:2      | Reached skill level 1 in Shapeshifting
  1320 | D:2      | Killed Sigmund
  1321 | D:2      | Reached skill level 1 in Conjurations
  1321 | D:2      | Reached skill level 1 in Hexes
  1321 | D:2      | Reached skill level 1 in Summonings
  1321 | D:2      | Reached skill level 1 in Necromancy
  1321 | D:2      | Reached skill level 1 in Translocations
  1321 | D:2      | Reached skill level 1 in Transmutations
  1321 | D:2      | Reached skill level 1 in Fire Magic
  1321 | D:2      | Reached skill level 1 in Air Magic
  1321 | D:2      | Reached skill level 1 in Earth Magic
  1321 | D:2      | Reached skill level 1 in Poison Magic
  1321 | D:2      | Reached XP level 5. HP: 23/43 MP: 8/10
  1321 | D:2      | Reached XP level 6. HP: 27/50 MP: 8/11
  1684 | D:2      | Killed Robin
  1937 | D:3      | Noticed Ijyb
  1973 | D:3      | Killed Ijyb
  1974 | D:3      | Reached skill level 5 in Fighting
  2136 | D:3      | Found a glowing silver altar of Zin.
  2136 | D:3      | Found a basalt altar of Yredelemnul.
  2204 | D:3      | Identified the +4 hand axe "Vinwat" {chaos, rPois Str+7}
  2516 | D:3      | Found a faded altar of an unknown god.
  3139 | D:4      | Found Yreenav's Antique Armour Emporium.
  3259 | D:5      | Entered Level 5 of the Dungeon
  3282 | D:5      | Reached XP level 7. HP: 56/56 MP: 12/12
  3322 | D:5      | Reached skill level 7 in Polearms
  3396 | D:5      | Found a hide-covered altar of Uskayaw.
  3568 | D:5      | Reached XP level 8. HP: 63/63 MP: 14/14
  4010 | D:6      | Found a staircase to the Ecumenical Temple.
  4017 | Temple   | Entered the Ecumenical Temple
  4128 | D:6      | Found an opulent altar of Gozag.
  4165 | D:6      | Became a worshipper of Gozag Ym Sagoz the Greedy
  4466 | D:6      | Noticed Grinder
  4495 | D:6      | Killed Grinder
  4514 | D:6      | Reached skill level 5 in Ice Magic
  4514 | D:6      | Reached XP level 9. HP: 69/69 MP: 16/16
  4623 | D:6      | Found Dumm's General Store.
  4631 | D:6      | Bought a potion of heal wounds for 55 gold pieces
  4817 | D:7      | Reached skill level 5 in Spellcasting
  4880 | D:7      | Reached skill level 5 in Throwing
  4880 | D:7      | Reached skill level 5 in Dodging
  5140 | D:7      | Killed from afar by an acid dragon

Illustrated notes

Levels and vault maps discovered:
D:1:      minmay_arrival_three_doors, layout_loops_corners
D:2:      wad_woods_pond, layout_basic, uniq_sigmund, uniq_robin
D:3:      wad_crossroads, layout_loops_ring, mainiacjoe_overflow_divided_tiny,
          shapermc_ecumenical_altar_notcrosses, hangedman_decor_push,
          minmay_unequal, uniq_ijyb
D:4:      layout_basic, serial_shops, shop_fountains
D:5:      layout_basic, mainiacjoe_overflow_cross_hatched
D:6:      layout_gridville, grunt_gozag_statues,
          minmay_temple_entry_purple_smoke, serial_shops, shop, uniq_grinder
D:7:      layout_loops_corners
Temple:   nicolae_temple_no_exploring_needed

Skill      XL: |  1  2  3  4  5  6  7  8  9 |
---------------+----------------------------+-----
Invocations    | 1 2 3 4 |  4.7
Short Blades   | 1 2 3 4 |  4.3
Long Blades    | 1 2 3 4 |  4.3
Axes           | 1 2 3 4 |  4.3
Maces & Flails | 1 2 3 4 |  4.3
Staves         | 1 2 3 4 |  4.3
Ranged Weapons | 1 2 3 4 |  4.3
Armour         | 1 2 3 4 |  4.3
Stealth        | 1 2 3 4 |  4.3
Shields        | 1 2 3 4 |  4.3
Unarmed Combat | 1 2 3 4 |  4.3
Evocations     | 1 2 3 4 |  4.3
Shapeshifting  | 1 2 3 |  3.9
Throwing       | 3 4 5 |  5.1
Dodging        | 3 4 5 |  5.1
Spellcasting   | 3 4 5 |  5.2
Conjurations   | 1 2 3 |  3.5
Hexes          | 1 2 3 |  3.5
Summonings     | 1 2 3 |  3.5
Necromancy     | 1 2 3 |  3.5
Translocations | 1 2 3 |  3.5
Transmutations | 1 2 3 |  3.5
Fire Magic     | 1 2 3 |  3.5
Ice Magic      | 4 5 |  5.3
Air Magic      | 1 2 3 |  3.5
Earth Magic    | 1 2 3 |  3.5
Poison Magic   | 1 2 3 |  3.5
Fighting       | 5 6 |  6.3
Polearms       | 7 |  7.9

Action                     |  1- 3 |  4- 6 |  7- 9 || total
---------------------------+-------+-------+-------++-------
  Melee: Spear             |    83 |   122 |       ||   205
         Bite              |     9 |    18 |    16 ||    43
         Punch             |     2 |     2 |       ||     4
         Unarmed           |    18 |       |       ||    18
         Short sword       |     1 |       |       ||     1
         Hand axe          |       |    65 |   166 ||   231
  Throw: Boomerang         |       |     4 |       ||     4
         Javelin           |       |       |    18 ||    18
Ability: Begin Untransform |     1 |       |     1 ||     2
  Evoke: Wand              |       |       |     9 ||     9
    Use: Scroll            |     1 |     1 |     5 ||     7
         Potion            |       |     2 |     3 ||     5
   Stab: Sleeping          |     3 |     7 |     3 ||    13
         Invisible         |       |     1 |       ||     1
         Petrifying        |       |     1 |     2 ||     3
         Paralysed         |       |       |     4 ||     4
 Armour: Leather armour    |    30 |     7 |       ||    37
         Robe              |       |    45 |    87 ||   132
  Dodge: Dodged            |    34 |    73 |   104 ||   211
  Block: Buckler           |       |    16 |    47 ||    63
   Form: Flux              |     1 |       |       ||     1
         Anaconda          |       |       |     1 ||     1
         Maw               |       |       |     1 ||     1

Table legend: (Time is in decaauts)
 A = Elapsed time spent in this place.
 B = Non-inter-level travel time spent in this place.
 C = Inter-level travel time spent in this place.
 D = Time resting spent in this place.
 E = Time spent auto-exploring this place.
 F = Levels seen in this place.
 G = Mean time per level.
                   A        B        C        D        E       F      G
               +--------+--------+--------+--------+--------+-----+--------+
         Total |   5152 |   4989 |    163 |    235 |   3303 |   8 |  644.0 |
       Dungeon |   5148 |   4985 |    163 |    235 |   3303 |   7 |  735.4 |
        Temple |      3 |      3 |      0 |      0 |      0 |   1 |    3.0 |
               +--------+--------+--------+--------+--------+-----+--------+

Top non-repeatable levels by time:
     D:2: 993 daAuts
     D:3: 935 daAuts
     D:1: 893 daAuts
     D:6: 841 daAuts
     D:5: 691 daAuts
     D:4: 408 daAuts
     D:7: 385 daAuts
  Temple: 3 daAuts
